[ AOE2 MATCH · #507964029 ]
UnrankedTeutons vs Khmer
Player's team · LOSS
Rival team · WIN
[ REPLAY ANALYSIS · EXTRACTED FROM THE RECORDED GAME ]
Feudal
16:18
Castle
36:18
Imperial
47:55
| APM avg | 56.2 |
| APM peak | 110 |
| eAPM avg | 26.0 |
| Villagers / military | 104 / 68 |
Focus
⚔️ 36.7% · 🌾 63.3%
Archer ×45 · Skirmisher ×15 · Spearman ×4 · Scout Cavalry ×3 · Knight ×1
Feudal
15:05
Castle
22:11
Imperial
43:09
| APM avg | 53.9 |
| APM peak | 90 |
| eAPM avg | 20.0 |
| Villagers / military | 145 / 94 |
Focus
⚔️ 32.9% · 🌾 67.1%
Archer ×76 · Knight ×10 · Trebuchet (Packed) ×4 · Mangonel ×2 · Battering Ram ×2
Match map
Initial resources + every placement click. Lines = walls · curves = elevation contours. ◆ gold · ⬟ stone · ● berries · ✦ relic · ◌ wall gap
Your base· Open — unwalled flank
Panelo's base· Open — unwalled flank
Smoothed initial terrain · ◌ = detected wall gap · hover for details
Inputs per minute
— Guthrie_Govan - - Panelo
Build order — Guthrie_Govan
First 150 of 329 actions detected
| 0:00 | Create | Villager (Male) |
| 0:00 | Create | Villager (Male) |
| 0:01 | Create | Villager (Male) |
| 0:01 | Create | Villager (Male) |
| 0:02 | Build | House |
| 0:03 | Build | House |
| 1:28 | Create | Villager (Male) |
| 1:28 | Create | Villager (Male) |
| 1:51 | Build | Lumber Camp |
| 1:57 | Create | Villager (Male) |
| 2:16 | Build | House |
| 2:33 | Create | Villager (Male) |
| 2:55 | Create | Villager (Male) |
| 3:18 | Create | Villager (Male) |
| 3:47 | Create | Villager (Male) |
| 3:52 | Build | House |
| 4:03 | Create | Villager (Male) |
| 4:31 | Build | House |
| 4:35 | Create | Villager (Male) |
| 4:51 | Create | Villager (Male) |
| 4:54 | Research | Loom |
| 4:55 | Research | Loom |
| 5:38 | Build | Mill |
| 6:09 | Create | Villager (Male) |
| 6:09 | Create | Villager (Male) |
| 6:34 | Create | Villager (Male) |
| 7:11 | Build | Palisade Wall |
| 7:15 | Build | House |
| 7:40 | Build | Mill |
| 7:52 | Create | Villager (Male) |
| 8:25 | Create | Villager (Male) |
| 8:25 | Create | Villager (Male) |
| 8:28 | Build | House |
| 8:30 | Build | House |
| 9:00 | Create | Villager (Male) |
| 9:00 | Create | Villager (Male) |
| 9:00 | Create | Villager (Male) |
| 9:16 | Build | Palisade Wall |
| 9:24 | Build | Palisade Wall |
| 9:32 | Create | Villager (Male) |
| 10:17 | Create | Villager (Male) |
| 10:37 | Build | House |
| 10:38 | Build | House |
| 11:01 | Create | Villager (Male) |
| 11:03 | Create | Villager (Male) |
| 11:10 | Build | Palisade Gate |
| 11:31 | Build | Outpost |
| 11:48 | Build | Town Center |
| 11:52 | Build | Palisade Wall |
| 11:54 | Build | Palisade Wall |
| 11:58 | Build | House |
| 12:00 | Build | Palisade Wall |
| 12:09 | Build | House |
| 12:11 | Build | Palisade Wall |
| 12:13 | Build | Palisade Wall |
| 12:29 | Build | Palisade Gate |
| 12:32 | Build | Palisade Gate |
| 12:45 | Create | Villager (Male) |
| 12:45 | Create | Villager (Male) |
| 12:46 | Create | Villager (Male) |
| 12:46 | Create | Villager (Male) |
| 12:59 | Create | Villager (Male) |
| 13:00 | Create | Villager (Male) |
| 13:01 | Create | Villager (Male) |
| 13:08 | Build | Palisade Wall |
| 13:16 | Build | Palisade Gate |
| 13:21 | Build | Palisade Wall |
| 13:23 | Build | Palisade Wall |
| 13:25 | Build | Palisade Wall |
| 13:27 | Build | Palisade Wall |
| 13:31 | Build | Palisade Wall |
| 13:36 | Build | Palisade Wall |
| 13:58 | Build | Farm |
| 14:08 | Research | Feudal Age |
| 14:08 | Research | Feudal Age |
| 14:25 | Build | Mining Camp |
| 15:16 | Build | Outpost |
| 15:37 | Create | Villager (Male) |
| 15:38 | Create | Villager (Male) |
| 15:38 | Create | Villager (Male) |
| 16:06 | Build | Farm |
| 16:06 | Build | Farm |
| 16:18 | Age | Feudal Age |
| 16:26 | Build | Watch Tower |
| 16:31 | Build | House |
| 16:38 | Build | Outpost |
| 16:41 | Research | Town Watch |
| 16:51 | Build | Outpost |
| 17:13 | Build | Watch Tower |
| 17:15 | Create | Villager (Male) |
| 17:18 | Build | Farm |
| 17:21 | Create | Villager (Male) |
| 17:26 | Build | Farm |
| 17:41 | Create | Villager (Male) |
| 17:43 | Build | House |
| 17:53 | Build | Watch Tower |
| 17:56 | Build | House |
| 17:59 | Create | Villager (Male) |
| 18:08 | Build | Blacksmith |
| 18:27 | Create | Villager (Male) |
| 18:34 | Build | Palisade Gate |
| 18:37 | Build | Palisade Gate |
| 18:41 | Build | Palisade Gate |
| 18:50 | Build | Palisade Wall |
| 18:54 | Create | Villager (Male) |
| 18:56 | Build | Farm |
| 19:05 | Research | Fletching |
| 19:05 | Research | Fletching |
| 19:22 | Build | Barracks |
| 19:25 | Create | Villager (Male) |
| 19:29 | Build | House |
| 20:04 | Build | Archery Range |
| 20:09 | Create | Villager (Male) |
| 20:17 | Build | Watch Tower |
| 20:27 | Build | Watch Tower |
| 20:32 | Build | Watch Tower |
| 20:38 | Create | Skirmisher |
| 20:38 | Create | Skirmisher |
| 20:47 | Build | Lumber Camp |
| 20:51 | Create | Villager (Male) |
| 20:57 | Create | Villager (Male) |
| 21:21 | Create | Villager (Male) |
| 21:24 | Build | Palisade Wall |
| 21:27 | Build | House |
| 21:32 | Build | House |
| 21:34 | Build | House |
| 21:37 | Build | Palisade Wall |
| 21:37 | Build | Palisade Wall |
| 21:39 | Build | Palisade Wall |
| 21:40 | Build | Palisade Wall |
| 21:41 | Create | Villager (Male) |
| 21:47 | Build | Palisade Wall |
| 21:48 | Build | Palisade Wall |
| 21:49 | Build | Palisade Wall |
| 21:55 | Create | Villager (Male) |
| 21:57 | Create | Villager (Male) |
| 22:09 | Build | Farm |
| 22:10 | Build | Farm |
| 22:13 | Create | Skirmisher |
| 22:15 | Create | Villager (Male) |
| 22:20 | Create | Villager (Male) |
| 22:27 | Build | Mining Camp |
| 22:38 | Create | Skirmisher |
| 22:51 | Build | House |
| 22:57 | Build | Watch Tower |
| 22:59 | Create | Skirmisher |
| 23:02 | Create | Villager (Male) |
| 23:47 | Create | Villager (Male) |
| 23:49 | Create | Villager (Male) |
| 23:49 | Create | Skirmisher |
Build order — Panelo
First 150 of 385 actions detected
| 0:01 | Create | Villager (Male) |
| 0:01 | Create | Villager (Male) |
| 0:01 | Create | Villager (Male) |
| 0:02 | Create | Villager (Male) |
| 0:02 | Build | House |
| 0:04 | Build | House |
| 0:15 | Research | Loom |
| 0:20 | Research | Loom |
| 0:24 | Create | Villager (Male) ×3 |
| 0:24 | Create | Villager (Male) ×3 |
| 1:49 | Create | Villager (Male) |
| 2:24 | Create | Villager (Male) |
| 2:52 | Create | Villager (Male) |
| 2:52 | Create | Villager (Male) |
| 2:54 | Build | Lumber Camp |
| 3:21 | Create | Villager (Male) |
| 3:21 | Create | Villager (Male) |
| 3:49 | Create | Villager (Male) |
| 3:50 | Create | Villager (Male) |
| 4:01 | Create | Villager (Male) |
| 4:53 | Create | Villager (Male) |
| 4:57 | Build | House |
| 5:01 | Create | Villager (Male) |
| 5:16 | Create | Villager (Male) |
| 5:24 | Create | Villager (Male) |
| 5:24 | Create | Villager (Male) |
| 5:42 | Create | Villager (Male) |
| 5:49 | Build | House |
| 6:15 | Create | Villager (Male) |
| 6:27 | Create | Villager (Male) |
| 6:38 | Build | Barracks |
| 6:53 | Create | Villager (Male) |
| 7:00 | Create | Villager (Male) |
| 7:44 | Create | Villager (Male) |
| 7:50 | Build | Outpost |
| 8:11 | Build | Outpost |
| 8:33 | Create | Villager (Male) |
| 9:14 | Create | Villager (Male) |
| 9:45 | Build | Mining Camp |
| 9:55 | Create | Villager (Male) |
| 10:13 | Create | Villager (Male) |
| 10:17 | Build | House |
| 10:33 | Build | Mill |
| 10:43 | Create | Villager (Male) |
| 11:03 | Create | Villager (Male) |
| 11:31 | Build | Farm |
| 11:32 | Build | Farm |
| 11:39 | Create | Villager (Male) |
| 11:48 | Build | Farm |
| 12:03 | Create | Villager (Male) |
| 12:24 | Create | Villager (Male) |
| 12:29 | Create | Villager (Male) |
| 12:55 | Research | Feudal Age |
| 13:01 | Build | Palisade Wall |
| 13:04 | Build | Palisade Wall |
| 13:07 | Build | Palisade Wall |
| 13:57 | Build | House |
| 13:58 | Build | House |
| 14:41 | Create | Villager (Male) |
| 15:05 | Age | Feudal Age |
| 15:07 | Build | Archery Range |
| 15:10 | Research | Double-Bit Axe |
| 15:23 | Create | Villager (Male) |
| 15:34 | Build | Lumber Camp |
| 15:41 | Create | Archer |
| 15:41 | Create | Archer |
| 15:56 | Create | Archer |
| 15:57 | Create | Archer |
| 16:20 | Create | Archer |
| 16:41 | Build | Lumber Camp |
| 16:43 | Create | Archer |
| 16:44 | Create | Archer |
| 17:49 | Build | Town Center |
| 18:40 | Build | Farm |
| 18:42 | Build | Farm |
| 18:44 | Build | Farm |
| 19:02 | Build | Farm |
| 19:04 | Build | Farm |
| 19:31 | Research | Castle Age |
| 19:39 | Build | Archery Range |
| 19:44 | Build | Mining Camp |
| 19:54 | Create | Archer |
| 20:09 | Create | Archer |
| 20:09 | Create | Archer |
| 20:15 | Build | Farm |
| 20:16 | Build | Farm |
| 20:17 | Build | Farm |
| 20:38 | Build | Blacksmith |
| 21:03 | Create | Archer |
| 21:04 | Build | House |
| 21:16 | Build | Farm |
| 21:18 | Build | Farm |
| 21:29 | Research | Fletching |
| 21:31 | Create | Archer |
| 22:11 | Age | Castle Age |
| 22:14 | Research | Crossbowman (upgrade) |
| 22:19 | Create | Villager (Male) |
| 22:30 | Create | Villager (Male) |
| 22:36 | Build | Market |
| 22:49 | Create | Archer |
| 22:54 | Create | Villager (Male) |
| 22:59 | Build | Siege Workshop |
| 23:01 | Create | Archer |
| 23:12 | Research | Bodkin Arrow |
| 23:19 | Build | House |
| 23:44 | Create | Archer |
| 23:56 | Create | Villager (Male) |
| 23:56 | Create | Villager (Male) |
| 23:59 | Create | Villager (Male) |
| 24:01 | Build | Siege Workshop |
| 24:04 | Build | Stable |
| 24:14 | Create | Villager (Male) |
| 24:31 | Create | Archer |
| 24:40 | Create | Archer |
| 24:46 | Create | Villager (Male) |
| 25:02 | Create | Knight |
| 25:04 | Create | Archer |
| 25:27 | Create | Knight |
| 25:28 | Create | Knight |
| 25:42 | Create | Battering Ram |
| 25:46 | Build | House |
| 25:51 | Create | Villager (Male) |
| 25:53 | Build | Archery Range |
| 26:12 | Create | Archer |
| 26:31 | Create | Battering Ram |
| 26:34 | Create | Archer |
| 26:34 | Create | Archer |
| 27:16 | Create | Knight |
| 27:25 | Create | Villager (Male) |
| 27:25 | Create | Villager (Male) |
| 27:33 | Create | Knight |
| 27:42 | Create | Villager (Male) |
| 27:43 | Build | Farm |
| 27:44 | Build | Farm |
| 27:45 | Build | Farm |
| 27:46 | Research | Horse Collar |
| 27:59 | Create | Mangonel |
| 28:09 | Create | Archer |
| 28:12 | Create | Villager (Male) |
| 28:12 | Build | Farm |
| 28:26 | Build | Town Center |
| 28:35 | Create | Archer |
| 28:45 | Create | Archer |
| 28:48 | Create | Villager (Male) |
| 28:49 | Build | Farm |
| 28:50 | Create | Villager (Male) |
| 28:52 | Research | Wheelbarrow |
| 28:53 | Build | House |
| 28:54 | Build | House |
| 29:04 | Build | House |
Match timeline
| 6:38 | Panelo · first_building Barracks |
| 7:11 | Guthrie_Govan · wall_segment Palisade Wall x1 |
| 9:16 | Guthrie_Govan · wall_segment Palisade Wall x1 |
| 9:24 | Guthrie_Govan · wall_segment Palisade Wall x1 |
| 11:52 | Guthrie_Govan · wall_segment Palisade Wall x1 |
| 11:54 | Guthrie_Govan · wall_segment Palisade Wall x1 |
| 12:00 | Guthrie_Govan · wall_segment Palisade Wall x1 |
| 12:11 | Guthrie_Govan · wall_segment Palisade Wall x1 |
| 12:13 | Guthrie_Govan · wall_segment Palisade Wall x1 |
| 13:01 | Panelo · wall_segment Palisade Wall x1 |
| 13:04 | Panelo · wall_segment Palisade Wall x1 |
| 13:07 | Panelo · wall_segment Palisade Wall x1 |
| 13:08 | Guthrie_Govan · wall_segment Palisade Wall x1 |
| 13:21 | Guthrie_Govan · wall_segment Palisade Wall x1 |
| 13:23 | Guthrie_Govan · wall_segment Palisade Wall x1 |
| 13:25 | Guthrie_Govan · wall_segment Palisade Wall x1 |
| 13:27 | Guthrie_Govan · wall_segment Palisade Wall x2 |
| 13:31 | Guthrie_Govan · wall_segment Palisade Wall x1 |
| 13:36 | Guthrie_Govan · wall_segment Palisade Wall x1 |
| 15:05 | Panelo · age_up feudal |
| 15:07 | Panelo · first_building Archery Range |
| 16:18 | Guthrie_Govan · age_up feudal |
| 18:50 | Guthrie_Govan · wall_segment Palisade Wall x5 |
| 19:22 | Guthrie_Govan · first_building Barracks |
| 20:04 | Guthrie_Govan · first_building Archery Range |
| 21:24 | Guthrie_Govan · wall_segment Palisade Wall x1 |
| 21:37 | Guthrie_Govan · wall_segment Palisade Wall x1 |
| 21:37 | Guthrie_Govan · wall_segment Palisade Wall x1 |
| 21:39 | Guthrie_Govan · wall_segment Palisade Wall x1 |
| 21:40 | Guthrie_Govan · wall_segment Palisade Wall x1 |
| 21:47 | Guthrie_Govan · wall_segment Palisade Wall x1 |
| 21:48 | Guthrie_Govan · wall_segment Palisade Wall x1 |
| 21:49 | Guthrie_Govan · wall_segment Palisade Wall x1 |
| 22:11 | Panelo · age_up castle |
| 22:59 | Panelo · first_building Siege Workshop |
| 23:59 | Guthrie_Govan · first_building Stable |
| 24:04 | Panelo · first_building Stable |
| 26:42 | Guthrie_Govan · wall_segment Stone Wall x1 |
| 27:59 | Panelo · first_market_sell 100 wood |
| 28:21 | Panelo · first_market_buy 100 stone |
| 29:15 | Guthrie_Govan · wall_segment Stone Wall x1 |
| 36:18 | Guthrie_Govan · age_up castle |
| 36:45 | Panelo · first_building Castle |
| 41:43 | Guthrie_Govan · first_building Castle |
| 43:09 | Panelo · age_up imperial |
| 44:29 | Guthrie_Govan · first_market_buy 100 food |
| 45:31 | Guthrie_Govan · first_building Siege Workshop |
| 47:55 | Guthrie_Govan · age_up imperial |
| 49:17 | Guthrie_Govan · resign |
[ AI ANALYSIS · 1 CREDIT ]
What really happened in this match?
Wolo.gg analyzes every decision: build order, eco, micro, common mistakes by bracket. Personalized analysis on WhatsApp or Discord in 30 seconds.
Civ guide
Teutons
Perfil
Jugador #4224302